 Dungeon Crawl Stone Soup version 0.18-a0-1406-gf4880ca (webtiles) character file.

357 CopycatKevin the Poker (level 6, -3/52 HPs)
             Began as a Minotaur Berserker on Feb 24, 2016.
             Was a Believer of Trog.
             Slain by a gnoll
             ... wielding a +0 spear
              (6 damage)
             ... on level 5 of the Dungeon.
             The game lasted 00:31:02 (5319 turns).

CopycatKevin the Poker (Minotaur Berserker)         Turns: 5319, Time: 00:31:02

Health: -3/52      AC:  5    Str: 24    XL:     6   Next: 37%
Magic:  5/5        EV:  9    Int:  4    God:    Trog [**....]
Gold:   142        SH:  8    Dex:  9    Spells: 0 memorised, 5 levels left

rFire  + + .     SeeInvis .     a - +0 spear
rCold  . . .     Gourm    .     h - +0 ring mail
rNeg   . . .     Faith    .     e - +0 shield (curse)
rPois  +         Spirit   .     (helmet restricted)
rElec  +         Dismiss  .     (no cloak)
rCorr  +         Reflect  .     (no gloves)
SustAt .         Harm     .     (no boots)
MR     .....                    (no amulet)
Stlth  +++.......               m - ring of stealth
                                b - ring of fire

@: resistant (expiring), very slightly contaminated, not resistant to hostile
enchantments, fairly stealthy
A: retaliatory headbutt, horns 2
a: Berserk, Trog's Hand, Burn Spellbooks, Renounce Religion


You were on level 5 of the Dungeon.
You worshipped Trog.
Trog was pleased with you.
You were not hungry.

You visited 1 branch of the dungeon, and saw 6 of its levels.

You collected 142 gold pieces.

Inventory:

Hand Weapons
 a - a +0 spear (weapon)
Armour
 e - a cursed +0 shield (worn)
 h - a +0 ring mail (worn)
Jewellery
 b - a ring of fire (left hand)
 j - an uncursed ring of wizardry
 m - a ring of stealth (right hand)
Wands
 p - a wand of enslavement (3/24)
Scrolls
 k - a scroll of immolation
Potions
 f - a potion of lignification
Comestibles
 l - a meat ration


   Skills:
 - Level 4.0 Fighting
 + Level 5.0 Polearms
 - Level 2.5 Armour
 - Level 3.1 Dodging
 - Level 4.5 Stealth
 - Level 0.5 Shields


You had 5 spell levels left.
You didn't know any spells.

Dungeon Overview and Level Annotations

Branches:
Dungeon (6/15)             Temple (0/1) D:4

Altars:

Shops:
D:5 !


Innate Abilities, Weirdness & Mutations

You reflexively headbutt those who attack you in melee.
You have a pair of horns on your head.


Message History

Your headbutt misses the orc warrior.
The orc warrior is severely wounded.
The orc warrior barely misses you. You block the orc warrior's attack.
An orc comes into view. It is wielding an enchanted hand axe.
You start to feel less resistant.
Things that are here:
a club; a robe You feel a little less clever now.
There is a stone staircase leading up, spattered with blood here.
You see here a halberd.
You can't go down here!
You climb upwards.
The gnoll hits you with a whip.
* * * LOW HITPOINT WARNING * * *
The gnoll misses you. You furiously retaliate!
You headbutt the gnoll, but do no damage.
The gnoll hits you but does no damage.
There is a stone staircase leading down, spattered with blood here.
The gnoll hits you from afar with a spear.
You die...

## #..#....###.$.#
#.##.###......g.##
#.#..#.....g.g##
#......#####g#
#%...........#
#...$..#######
######## #†#gg.##
...<...# #g##>##
######.# #.##@#
#.# #.##.### #.#
#......# #.#
#..###.# #.# #..#
.# #.# #..###.#
#.# #Z.....# #.#
##.#.#####
#.#####.........


You could see 2 gnolls and a howler monkey skeleton (wandering).

Vanquished Creatures
  A scorpion (D:4)
  2 hounds (D:4)
  A centaur skeleton (D:4)
  A gnoll shaman (D:6)
  2 worker ants
  A hound skeleton (D:4)
  4 gnolls
  A howler monkey skeleton (D:4)
  3 adders
  An ooze (D:1)
  A worm (D:4)
  2 giant geckos
  7 orcs
  2 giant cockroaches
  5 hobgoblins
  4 bats
  6 giant newts
  8 goblins
  5 kobolds
  2 quokka skeletons (D:4)
  2 rats (D:3)
61 creatures vanquished.

Notes
Turn   | Place    | Note
--------------------------------------------------------------
     0 | D:1      | CopycatKevin the Minotaur Berserker began the quest for the Orb.
     0 | D:1      | Reached XP level 1. HP: 19/19 MP: 0/0
   832 | D:1      | Reached XP level 2. HP: 24/27 MP: 1/1
  1357 | D:1      | Reached skill level 4 in Polearms
  2300 | D:2      | Reached ** piety under Trog
  2300 | D:2      | Reached XP level 3. HP: 18/33 MP: 2/2
  2822 | D:3      | Reached skill level 1 in Stealth
  2943 | D:3      | Reached XP level 4. HP: 13/40 MP: 3/3
  3561 | D:4      | Found a staircase to the Ecumenical Temple.
  3567 | D:4      | Reached XP level 5. HP: 43/46 MP: 4/4
  4065 | D:4      | Got a heavily runed leather armour
  4245 | D:4      | Reached XP level 6. HP: 50/52 MP: 5/5
  4474 | D:5      | Entered Level 5 of the Dungeon
  4598 | D:5      | Found Fuosoat's Distillery.
  4900 | D:6      | HP: 1/52 [gnoll/halberd (4)]
  5206 | D:6      | Noticed an orc warrior
  5209 | D:6      | Reached skill level 5 in Polearms
  5217 | D:6      | HP: 1/52 [orc warrior/trident (11)]
  5231 | D:6      | HP: 1/52 [giant newt (2)]
  5319 | D:5      | Slain by a gnoll

Vault maps used:
D:1:      dpeg_arrival_oval
D:2:      minmay_statues_item
D:3:      nicolae_dithmenos_through_a_glass_darkly
D:4:      wad_river_or_something, minmay_temple_entry_trees, first_bread
D:5:      serial_shops, kennysheep_mini_moat, uniq_crazy_yiuf_cottage
D:6:      minivault_26, guppyfry_early_elven_hall

Skill      XL: |  1  2  3  4  5  6 |
---------------+-------------------+-----
Fighting       | 4 |  4.0
Polearms       | 4 5 |  5.0
Dodging        | 3 |  3.1
Stealth        | 2 3 4 |  4.5
Armour         | |  2.5
Shields        | |  0.5

Action                   |  1- 3 |  4- 6 || total
-------------------------+-------+-------++-------
Melee: Spear             |   106 |   157 ||   263
Evoke: Wand              |       |     4 ||     4
  Use: Scroll            |     6 |     6 ||    12
       Potion            |       |     6 ||     6
 Stab: Sleeping          |       |     2 ||     2
       Invisible         |       |     1 ||     1
  Eat: Bread ration      |     1 |     1 ||     2
       Chunk             |       |     6 ||     6
